 Dungeon Crawl Stone Soup version 0.29.0-15-g675c0067aa (webtiles) character file.

Game seed: 9256114944386184693

161 qw the Chopper (level 5, -2/32 HPs)
             Began as a Gargoyle Fighter on Sept 11, 2022.
             Killed by divine providence
             ... invoked by an orc priest
              (11 damage)
             ... on level 3 of the Dungeon.
             The game lasted 00:00:53 (2257 turns).

qw the Chopper (Gargoyle Fighter)                   Turns: 2257, Time: 00:00:53

Health: -2/32      AC: 20    Str: 22    XL:     5   Next: 42%
Magic:  5/5        EV:  6    Int:  8    God:
Gold:   177        SH:  4    Dex:  9    Spells: 4/4 levels left

rFire   . . .      SeeInvis .   Y - +2 war axe
rCold   . . .      Faith    .   c - +0 buckler
rNeg    + + .      Spirit   .   h - +0 plate armour
rPois   inf        Reflect  .   n - +0 helmet
rElec   +          Harm     .   (no cloak)
rCorr   .          Rampage  .   (no gloves)
Will    .....                   (no boots)
Stlth   ..........              (no amulet)
HPRegen 0.10/turn               e - +4 ring of protection
MPRegen 0.09/turn               i - ring of positive energy

@: about to teleport
A: sickness immunity, AC +4, negative energy resistance 1, electricity
resistance, torment resistance 1, petrification resistance
a: no special abilities


You were on level 3 of the Dungeon.
You visited 1 branch of the dungeon, and saw 3 of its levels.

You collected 177 gold pieces.


Innate Abilities, Weirdness & Mutations

You are immune to sickness and miasma.
Your stone body is resilient. (AC +4)
You are immune to poison.
You resist negative energy. (rN+)
You are resistant to electric shocks. (rElec)
You are resistant to unholy torment.
You are immune to petrification.


   Skills:
 + Level 3.3 Fighting
 - Level 5.0 Axes
 - Level 3.2 Armour
 - Level 3.2 Shields


You had 4 spell levels left.
You didn't know any spells.
Your spell library was empty.

Inventory:

Hand Weapons
 a - a +0 flail
 Y - a +2 war axe (weapon)
Armour
 c - a +0 buckler (worn)
 h - a +0 plate armour (worn)
 n - a +0 helmet (worn)
Jewellery
 e - a +4 ring of protection (left hand)
 i - a ring of positive energy (right hand)
Scrolls
 f - 4 scrolls of identify
 j - 4 scrolls of teleportation
Potions
 d - 2 potions of might
 g - 6 potions of curing
 k - 2 potions of mutation

Dungeon Overview and Level Annotations

Branches:
Dungeon (3/15)

Altars:

Shops:
D:2 (


Message History

You hit the orc priest but do no damage.
You block the orc priest's attack.
The orc priest calls upon Beogh to heal the orc priest.
The orc priest's wounds heal themselves!
The orc priest hits you but does no damage.
You block the orc priest's attack.
You closely miss the orc priest.
The orc priest is moderately wounded.
You hit the orc priest.
The orc priest hits you but does no damage.
The orc priest calls down the wrath of Beogh upon you.
You are unaffected.
You barely miss the orc priest.
The orc priest is moderately wounded.
You closely miss the orc priest.
The orc priest hits you with a +0 flail.
You block the orc priest's attack.
2254 ||| READING 5 scrolls of teleportation.
As you read the scroll of teleportation, it crumbles to dust.
You feel strangely unstable.
The orc priest hits you but does no damage. x2
You hit the orc priest but do no damage.
The orc priest is lightly wounded.
You hit the orc priest but do no damage.
The orc priest hits you but does no damage.
The orc priest looks encouraged for a moment.
You slash the orc priest!
The orc priest is almost dead.
You slash the orc priest!
The orc priest hits you but does no damage. x2
The orc priest calls upon Beogh to heal the orc priest.
The orc priest is healed somewhat.
The orc priest calls upon Beogh to heal the orc priest.
The orc priest is healed somewhat.
You barely miss the orc priest.
The orc priest is severely wounded.
You hit the orc priest but do no damage.
The orc priest calls down the wrath of Beogh upon you.
Beogh smites you!
You die...

.......#.......###......#.# #.#.
#+##...#.#....##>##.......####.#.
.......#.#...##...#..............
#...##.#.##.###.7.#.......####...
#.#..#.#.#..%.#...######..#......
#.##.#.#.#..###..##.......#.##..#
#.##...#.#..##.#########..#....##
...............##...##.......#.##
###.##...#..(7.'@o7 #....##.#.#.
###.##.#.......##o..##....+....#.
..#.##.#...##..######.....#..###.
###..#.#...##.#..##.........## #.
###..#.#...##.#...#........#####.
.)............#.7.####...........
###..###......#...#..............
..#..###...#####<##..............
#.#........#######...........%..#


You could see 2 orc priests.

Vanquished Creatures
  A hound (D:3)
  Terence (D:2)
  3 gnolls (D:2)
  2 adders
  A worm (D:3)
  2 dart slugs
  2 orcs (D:3)
  5 endoplasms
  3 giant cockroaches
  5 goblins
  2 hobgoblins (D:1)
  4 quokkas
  3 ball pythons
  5 bats
  4 frilled lizards
  7 kobolds
  5 rats
55 creatures vanquished.

Notes
Turn   | Place    | Note
-------+----------+-------------------------------------------
     0 | D:1      | qw the Gargoyle Fighter began the quest for the Orb.
     0 | D:1      | Reached XP level 1. HP: 14/14 MP: 1/1
     0 | D:1      | 0 ||| qw: Version: 0.1-a-119-g272c26d
     0 | D:1      | 0 ||| qw: Game counter: 10652
     0 | D:1      | 0 ||| qw: Always use a shield: true
     0 | D:1      | 0 ||| qw: God list: Okawaru
     0 | D:1      | 0 ||| qw: Allow faded altars: false
     0 | D:1      | 0 ||| qw: Do Orc after D:15 true
     0 | D:1      | 0 ||| qw: Do second Lair branch before Depths: true
     0 | D:1      | 0 ||| qw: Lair rune preference: random
     0 | D:1      | 0 ||| qw: Plans: Normal, Zot, God:TSO, Crypt, Tomb, Pan,
                  | Slime, Hells, Zig, Abyss, Orb
     0 | D:1      | 0 ||| PLANNING D:1-11
    39 | D:1      | 39 ||| Stepping ~*~*~tactically~*~*~ (hiding).
    46 | D:1      | Reached skill level 2 in Axes
   142 | D:1      | Reached XP level 2. HP: 17/19 MP: 2/2
   239 | D:1      | 239 ||| Stepping ~*~*~tactically~*~*~ (stealth).
   243 | D:1      | 243 ||| Stepping ~*~*~tactically~*~*~ (stealth).
   408 | D:1      | 408 ||| Stepping ~*~*~tactically~*~*~ (stealth).
   795 | D:1      | Reached skill level 3 in Axes
   846 | D:1      | 846 ||| UPGRADING to +0 helmet.
   851 | D:1      | 851 ||| DROPPING +6 ring of intelligence.
   852 | D:1      | 852 ||| READING scroll labelled GYEWIO AMYNIER.
   853 | D:1      | 853 ||| READING scroll labelled MUSOH ILEU.
   856 | D:1      | 856 ||| READING scroll labelled YSURRU BOS ZIG.
   857 | D:1      | 857 ||| READING scroll labelled KAIDIBU KAULU.
   858 | D:1      | 858 ||| READING scroll labelled JOHIENGEUQU.
   859 | D:1      | 859 ||| READING 2 scrolls labelled PET YGOTUENGEE.
   860 | D:1      | 860 ||| READING scroll of enchant weapon.
   860 | D:1      | 860 ||| ENCHANTING +1 war axe.
   861 | D:1      | 861 ||| DRINKING 2 inky potions.
   884 | D:2      | 884 ||| STAIRDANCE
   888 | D:1      | Reached XP level 3. HP: 23/23 MP: 3/3
   891 | D:2      | 891 ||| STAIRDANCE
   938 | D:2      | 938 ||| Stepping ~*~*~tactically~*~*~ (stealth).
   954 | D:2      | Reached XP level 4. HP: 25/28 MP: 4/4
   961 | D:2      | Reached skill level 4 in Axes
  1021 | D:2      | 1021 ||| DROPPING +0 club.
  1036 | D:2      | Found Zeigopp's Antique Weapon Boutique.
  1227 | D:2      | You fall into a shaft and drop 1 floor!
  1579 | D:3      | Reached XP level 5. HP: 30/32 MP: 5/5
  1888 | D:3      | 1888 ||| UPGRADING to +0 plate armour.
  1898 | D:3      | 1898 ||| DROPPING +0 scale mail.
  1899 | D:3      | 1899 ||| UPGRADING to +4 ring of protection.
  1900 | D:3      | 1900 ||| READING 5 scrolls of identify.
  1900 | D:3      | 1900 ||| IDENTIFYING fuming coppery potion
  1901 | D:3      | 1901 ||| READING 4 scrolls of identify.
  1901 | D:3      | 1901 ||| IDENTIFYING bubbling emerald potion
  1902 | D:3      | 1902 ||| DROPPING potion of magic.
  1970 | D:2      | Noticed Terence
  1978 | D:2      | Killed Terence
  1984 | D:2      | Found a faded altar of an unknown god.
  2044 | D:2      | Reached skill level 5 in Axes
  2173 | D:2      | 2173 ||| UPGRADING to ring of positive energy.
  2174 | D:2      | 2174 ||| READING scroll labelled PUG KESSOYSM.
  2253 | D:3      | HP: 8/32 [orc priest/+0 flail (5)]
  2254 | D:3      | 2254 ||| READING 5 scrolls of teleportation.
  2257 | D:3      | Killed from afar by an orc priest

Levels and vault maps discovered:
D:1:      dpeg_arrival_rhombi, layout_loops_ring
D:2:      layout_rooms, hellmonk_ecumenical_altar_heavens_door, serial_shops,
          shop, grunt_ministairs_7, minmay_misc_feat_encased, uniq_terence
D:3:      layout_basic, grunt_ministairs_4

Skill      XL: |  1  2  3  4  5 |
---------------+----------------+-----
Axes           | 2 3 4 5 |  5.0
Fighting       | |  3.3
Armour         | |  3.2
Shields        | |  3.2

Action                   |  1- 3 |  4- 6 || total
-------------------------+-------+-------++-------
Melee: War axe           |    76 |    65 ||   141
Throw: Boomerang         |       |     8 ||     8
  Use: Scroll            |     7 |     4 ||    11
       Potion            |     1 |       ||     1
Armor: Scale mail        |    48 |    14 ||    62
       Plate armour      |       |    23 ||    23
Dodge: Dodged            |    32 |    23 ||    55
Block: Buckler           |    18 |     7 ||    25

Table legend:
 A = Non-vault XP
 B = Vault XP
 C = Vault XP percentage of total XP
 D = Non-vault monster count
 E = Vault monster count
 F = Vault count percentage of total count
                 A         B        C        D         E       F
            +---------+---------+-------+---------+---------+-------
      Total |     187 |      44 |  19.0 |      50 |       5 |   9.1
            +---------+---------+-------+---------+---------+-------
        D:1 |      46 |       4 |   8.0 |      22 |       2 |   8.3
        D:2 |      73 |      36 |  33.0 |      14 |       1 |   6.7
        D:3 |      68 |       4 |   5.6 |      14 |       2 |  12.5
            +---------+---------+-------+---------+---------+-------
